 Dungeon Crawl Stone Soup version 0.26.1-10-gdfb7c7de75 (webtiles) character file.

Game seed: 14057038541058323626

1621 Paulthewizard the Destroyer (level 8, -2/48 HPs)
             Began as a Tengu Conjurer on Apr 10, 2021.
             Slain by an orc warrior
             ... wielding a +2 hand axe of flaming
              (5 damage)
             ... on level 7 of the Dungeon.
             The game lasted 00:13:53 (6202 turns).

Paulthewizard the Destroyer (Tengu Conjurer)        Turns: 6202, Time: 00:13:54

Health: -2/48      AC:  3    Str:  7    XL:     8   Next: 96%
Magic:  11/25      EV: 14    Int: 20    God:
Gold:   326        SH:  0    Dex: 14    Spells: 5/16 levels left

rFire    . . .     SeeInvis .   a - +2 scythe (venom)
rCold    . . .     Faith    .   (shield currently unavailable)
rNeg     . . .     Spirit   .   c - +0 leather armour
rPois    .         Reflect  .   (helmet restricted)
rElec    .         Harm     .   (no cloak)
rCorr    .         Rampage  .   (no gloves)
Will     .....                  (boots unavailable)
Stlth    ++........             f - amulet of regeneration
HPRegen  0.56/turn              d - ring of magical power
MPRegen  0.19/turn              (no ring)

@: no status effects
A: beak, talons 3, able to fly
a: Fly


You were on level 7 of the Dungeon.
You visited 1 branch of the dungeon, and saw 7 of its levels.
You also visited: Sewer.

You collected 326 gold pieces.

Inventory:

Hand Weapons
 a - a +2 scythe of venom (weapon)
 b - a +1 hand axe of electrocution
Armour
 c - a +0 leather armour (worn)
 k - a +0 robe
Jewellery
 d - a ring of magical power (left hand)
 f - an amulet of regeneration (around neck)
 s - the ring "Uxza" {rC+ AC+4 Str+4 Stlth+, unknown}
   (You found it on level 4 of the Dungeon)

   [ring of protection]

   It affects your AC (+4).
   It affects your strength (+4).
   It protects you from cold.
   It makes you more stealthy.
Scrolls
 e - a scroll of immolation {unknown}
 h - 2 scrolls of random uselessness {unknown}
 o - a scroll of teleportation {unknown}
 q - 5 scrolls of identify {unknown}
 t - a scroll of amnesia {unknown}
 v - a scroll of enchant armour {unknown}
 x - 2 scrolls of remove curse
 y - a scroll of vulnerability {unknown}
 z - a scroll of magic mapping {unknown}
 A - a scroll of enchant weapon
Potions
 g - 2 potions of haste {unknown}
 i - 3 potions of degeneration {unknown}
 j - a potion of brilliance {unknown}
 l - 2 potions of invisibility {unknown}
 m - 4 potions of heal wounds {unknown}
 n - a potion of magic {unknown}
 p - a potion of flight {unknown}
 r - 4 potions of curing
 u - a potion of lignification {unknown}
 w - a potion of ambrosia {unknown}


   Skills:
 * Level 4.6 Fighting
 * Level 5.6 Dodging
 + Level 4.2 Stealth
 * Level 4.8 Spellcasting
 * Level 8.4 Conjurations
 * Level 4.1 Air Magic


You had 5 spell levels left.
You knew the following spells:

 Your Spells              Type           Power        Failure   Level
a - Magic Dart            Conj           100%         1%          1
b - Searing Ray           Conj           76%          1%          2
c - Airstrike             Air            10%          32%         4
d - Fulminant Prism       Conj/Hex       10%          30%         4

Your spell library contained the following spells:

 Spells                   Type           Power        Failure   Level
 Shock                    Conj/Air       100%         1%          1
 Swiftness                Air            21%          4%          2
 Static Discharge         Conj/Air       30%          4%          3
 Dazzling Flash           Conj/Hex       42%          10%         3
 Iskenderun's Mystic Bla  Conj/Tloc      21%          30%         4
 Lightning Bolt           Conj/Air       15%          36%         5


Dungeon Overview and Level Annotations

Branches:
Dungeon (7/15)              Sewer (visited)
 Temple: D:4-7

Altars:
Elyvilon


Innate Abilities, Weirdness & Mutations

You have a beak for a mouth.
You have claws for feet.
You can fly continuously.


Message History

(Press . to maintain the ray.)
The orc warrior hits you with a +2 hand axe of flaming!!
* * * LOW HITPOINT WARNING * * *
The orc warrior burns you.
* * * LOW HITPOINT WARNING * * *
Okay, then.
Okay, then.
There is a stone staircase leading up here.
Okay, then.
Okay, then.
It was a potion of curing.
You feel better.
The orc warrior hits you with a +2 hand axe of flaming.
* * * LOW HITPOINT WARNING * * *
The orc warrior burns you.
* * * LOW HITPOINT WARNING * * *
You feel better.
The orc warrior hits you with a +2 hand axe of flaming!
* * * LOW HITPOINT WARNING * * *
The orc warrior burns you.
You die...

#..)†......#
#.########.#
#.# #.# #.#
#.# #<# #o#
#@# #.# #.#
#.# #.# ..#
###


You could see an orc warrior.

Vanquished Creatures
  Sigmund (D:5)
  Eustachio (D:6)
  Purgy (Sewer)
  An ice beast (D:5)
  A sky beast (D:7)
  A centaur (D:5)
  2 ogres
  Blork the orc (D:6)
  A howler monkey (D:6)
  7 orc wizards
  An orc priest (D:4)
  A jelly (D:5)
  Natasha (thrice) (D:2)
  An iguana (D:5)
  3 worker ants
  6 gnolls
  7 adders
  A howler monkey skeleton (D:4)
  2 white imps (D:5)
  2 oozes
  5 worms
  2 dart slugs
  2 leopard geckos
  20 orcs
  A ball python (D:3)
  3 bats
  3 giant cockroaches
  10 goblins
  6 hobgoblins
  4 jackals (D:4)
  2 quokkas
  2 ball python zombies (D:5)
  7 frilled lizards
  A jackal zombie (D:6)
  3 kobolds
  7 rats
122 creatures vanquished.

Vanquished Creatures (others)
  A plant (D:6)
1 creature vanquished.

Grand Total: 123 creatures vanquished

Notes
Turn   | Place    | Note
-------+----------+-------------------------------------------
     0 | D:1      | Paulthewizard the Tengu Conjurer began the quest for the
                  | Orb.
     0 | D:1      | Reached XP level 1. HP: 10/10 MP: 4/4
   380 | D:1      | Reached XP level 2. HP: 16/16 MP: 6/6
   408 | D:1      | Learned a level 2 spell: Searing Ray
   876 | D:2      | Noticed Natasha
   879 | D:2      | Killed Natasha
   880 | D:2      | Reached skill level 1 in Fighting
   880 | D:2      | Reached XP level 3. HP: 20/20 MP: 7/7
   969 | D:2      | Found a white marble altar of Elyvilon.
   976 | D:2      | Reached XP level 4. HP: 25/25 MP: 8/8
  1417 | D:2      | Noticed Natasha
  1424 | D:2      | Killed Natasha
  1425 | D:2      | Reached skill level 6 in Conjurations
  1531 | D:2      | Noticed Natasha
  1537 | D:2      | Killed Natasha
  1538 | D:2      | Gained mutation: You can fly continuously. [Tengu growth]
  1538 | D:2      | Reached XP level 5. HP: 25/30 MP: 10/10
  2175 | D:3      | Reached XP level 6. HP: 23/36 MP: 9/11
  2350 | D:3      | Found a glowing drain.
  2363 | Sewer    | Entered a sewer
  2517 | Sewer    | Noticed Purgy
  2522 | Sewer    | Killed Purgy
  3640 | D:4      | Reached XP level 7. HP: 40/40 MP: 13/13
  3759 | D:4      | Reached skill level 7 in Conjurations
  3918 | D:4      | Learned a level 4 spell: Airstrike
  3923 | D:4      | Learned a level 4 spell: Fulminant Prism
  4060 | D:4      | Got a warped bone ring
  4215 | D:5      | Entered Level 5 of the Dungeon
  4283 | D:5      | Reached skill level 1 in Air Magic
  4572 | D:5      | Reached XP level 8. HP: 48/48 MP: 15/15
  4959 | D:5      | Noticed Sigmund
  4965 | D:5      | Killed Sigmund
  4966 | D:5      | Reached skill level 5 in Dodging
  5477 | D:6      | Reached skill level 8 in Conjurations
  5477 | D:6      | Noticed Eustachio
  5531 | D:6      | Killed Eustachio
  6078 | D:6      | Noticed Blork the orc
  6083 | D:6      | Killed Blork the orc
  6134 | D:6      | Noticed a deep elf mage
  6202 | D:7      | Slain by an orc warrior

Illustrated notes

Levels and vault maps discovered:
D:1:      amcnicky_arrival_abandoned_market, layout_basic
D:2:      layout_basic, elyvilon_altar_1, uniq_natasha
D:3:      layout_loops_cross, portal_sewer_entry_d
D:4:      layout_loops_ring
D:5:      layout_basic, uniq_sigmund
D:6:      layout_basic, minmay_temple_entry_sparse_star,
          guppyfry_early_elven_hall, uniq_blork_the_orc, uniq_eustachio
D:7:      cheibrodos_shockbox, layout_basic, cheibrodos_ashenzari_chains,
          serial_shops, nicolae_shop_trees, shop, nicolae_shop_behind_doors,
          minmay_manual_mares

Skill      XL: |  1  2  3  4  5  6  7  8 |
---------------+-------------------------+-----
Fighting       | 1 2 3 4 |  4.6
Dodging        | 3 4 5 |  5.6
Conjurations   | 6 7 8 |  8.4
Spellcasting   | 3 4 |  4.8
Stealth        | 3 4 |  4.2
Air Magic      | 2 4 |  4.1

Action                   |  1- 3 |  4- 6 |  7- 9 || total
-------------------------+-------+-------+-------++-------
Melee: Scythe            |       |       |     2 ||     2
 Cast: Magic Dart        |    32 |       |       ||    32
       Searing Ray       |     9 |    92 |    95 ||   196
  Use: Scroll            |       |     2 |       ||     2
       Potion            |       |       |     2 ||     2
Armor: Robe              |     1 |       |       ||     1
       Leather armour    |       |     5 |     6 ||    11
Dodge: Dodged            |     3 |    12 |    13 ||    28
